 Dungeon Crawl Stone Soup version 0.21.1-1-g345015f (webtiles) character file.

164 Fang the Skirmisher (level 5, -3/34 HPs)
             Began as a Gargoyle Berserker on June 1, 2018.
             Was a Believer of Trog.
             Killed from afar by an orc wizard (7 damage)
             ... with a magic dart
             ... on level 3 of the Dungeon.
             The game lasted 00:02:44 (1844 turns).

Fang the Skirmisher (Gargoyle Berserker)            Turns: 1844, Time: 00:02:45

Health: -3/34      AC:  6    Str: 21    XL:     5   Next: 45%
Magic:  5/5        EV: 12    Int:  8    God:    Trog [**....]
Gold:   97         SH:  0    Dex:  9    Spells: 4/4 levels left

rFire    . . .     SeeInvis .   a - +0 hand axe
rCold    . . .     Gourm    .   (no shield)
rNeg     + . .     Faith    .   g - +0 robe {MR+}
rPois    ∞         Spirit   .   (no helmet)
rElec    +         Reflect  .   (no cloak)
rCorr    .         Harm     .   (no gloves)
MR       +++..                  (no boots)
Stlth    +.........             (no amulet)
HPRegen  1.11/turn              (no ring)
MPRegen  0.09/turn              (no ring)

@: berserk cooldown, regenerating, slowed, very slow
A: negative energy resistance 1, electricity resistance, unbreathing,
petrification resistance, rot immunity, AC +4
a: Berserk, Trog's Hand, Burn Spellbooks, Renounce Religion


You were on level 3 of the Dungeon.
You worshipped Trog.
Trog was pleased with you.
You were hungry.

You visited 1 branch of the dungeon, and saw 3 of its levels.

You collected 97 gold pieces.

Inventory:

Hand Weapons
 a - a +0 hand axe (weapon)
Armour
 g - a +0 robe of magic resistance (worn)
Scrolls
 f - 3 scrolls of identify {unknown}
 h - a scroll of remove curse {unknown}
 k - a scroll of fear {unknown}
 l - a scroll of immolation {unknown}
 m - a scroll of teleportation {unknown}
Potions
 b - a potion of resistance {unknown}
 d - a potion of might {unknown}
 e - a potion of heal wounds {unknown}
 i - 2 potions of berserk rage {unknown}
 j - a potion of lignification {unknown}
Comestibles
 c - 4 rations


   Skills:
 + Level 4.3 Fighting
 + Level 4.2 Axes
 + Level 2.4 Armour
 + Level 2.3 Dodging
 + Level 0.3 Stealth


You had 4 spell levels left.
You didn't know any spells.

Dungeon Overview and Level Annotations

Branches:
Dungeon (3/15)

Altars:
Makhleb
Nemelex Xobeh


Innate Abilities, Weirdness & Mutations

You are resistant to torment.
Your stone body is resilient. (AC +4)
You are immune to poison.
You resist negative energy. (rN+)
You are resistant to electric shocks. (rElec)
You can survive without breathing.
You are immune to petrification.
You are immune to rotting.


Message History

The magic dart hits you!
* * * LOW HITPOINT WARNING * * *
The kobold hits you but does no damage.
You barely miss the kobold. The orc wizard casts a spell at you.
The magic dart hits you!
* * * LOW HITPOINT WARNING * * *
The kobold barely misses you. The orc hits you but does no damage.
The kobold misses you.
The orc wizard hits you but does no damage.
The orc hits you with a dagger.
* * * LOW HITPOINT WARNING * * *
The kobold hits you but does no damage.
Your skin crawls.
You feel resistant to hostile enchantments.
You feel somewhat more hungry.
The orc shouts!
The orc wizard gestures at you while chanting.
The magic dart hits you!
You die...

.. ..... # . #...# ###.
#...# .#.#. #...#
...#..# #...# ###.#.##..
.####...#######.....###.
...>..o.$.)...#.#..###.#
......o@..†.........#...
...o....K.....#......#.#
###.#####.#####.#......#
# #..# #......### #..#
#.......# #$.# #.##.#.<#
#..# #.......## ...#
#.##...... #.#####.##


You could see an orc wizard, 2 orcs and a kobold.

Vanquished Creatures
  A scorpion (D:3)
  An orc priest (D:3)
  4 adders (D:2)
  An ooze (D:1)
  A leopard gecko (D:3)
  An orc (D:3)
  3 bats (D:2)
  2 giant cockroaches
  A goblin (D:1)
  6 hobgoblins
  8 jackals
  A quokka (D:3)
  3 frilled lizards
  5 kobolds
  9 rats
47 creatures vanquished.

Notes
Turn   | Place    | Note
-------+----------+-------------------------------------------
     0 | D:1      | Fang the Gargoyle Berserker began the quest for the Orb.
     0 | D:1      | Reached XP level 1. HP: 14/14 MP: 1/1
   317 | D:1      | Reached XP level 2. HP: 18/19 MP: 2/2
   676 | D:2      | Reached XP level 3. HP: 24/24 MP: 3/3
   990 | D:2      | Reached ** piety under Trog
  1048 | D:2      | Reached XP level 4. HP: 15/29 MP: 4/4
  1325 | D:2      | Found a burning altar of Makhleb.
  1580 | D:2      | Found a sparkling altar of Nemelex Xobeh.
  1768 | D:3      | Reached XP level 5. HP: 25/33 MP: 5/5
  1844 | D:3      | Killed from afar by an orc wizard

Skill      XL: |  1  2  3  4 |
---------------+-------------+-----
Axes           | 3 4 |  4.2
Fighting       | 4 |  4.3
Dodging        | 2 |  2.3
Armour         | |  2.4
Stealth        | |  0.3

Action                   |  1- 3 |  4- 6 || total
-------------------------+-------+-------++-------
Melee: Hand axe          |    88 |    59 ||   147
Invok: Berserk           |       |     3 ||     3
       Trog's Hand       |       |     1 ||     1
  Eat: Chunk             |       |     5 ||     5
Armor: Robe              |    40 |    22 ||    62
Dodge: Dodged            |    65 |    55 ||   120
